 Dungeon Crawl Stone Soup version 0.30-a0-883-g5ad918d77d (webtiles) character file.

Game seed: 10053320228124151520

3 Jeffwins the Ducker (level 1, -2/22 HPs)
             Began as a Human Wanderer on Mar 16, 2023.
             Slain by a gnoll
             ... wielding a +0 spear
              (5 damage)
             ... on level 1 of the Dungeon.
             The game lasted 00:01:10 (195 turns).

Jeffwins the Ducker (Human Wanderer)                 Turns: 195, Time: 00:01:11

Health: -2/22      AC: 20    Str: 11    XL:     1   Next: 55%
Magic:  0/2        EV:  2    Int: 12    God:
Gold:   0          SH:  0    Dex: 13    Spells: 1/2 levels left

rFire   . . .      SeeInvis .    a - +0 shortbow
rCold   . . .      Faith    .    (shield currently unavailable)
rNeg    . . .      Spirit   .    d - melded +0 robe
rPois   +          Reflect  .    b - melded +0 helmet
rElec   .          Rampage  .    (cloak currently unavailable)
rCorr   .          NoTele   +    (gloves currently unavailable)
Will    .....                    (boots currently unavailable)
Stlth   ++                       (no amulet)
HPRegen 0.23/turn                (no ring)
MPRegen 0.08/turn                (no ring)

@: tree-form, very slightly contaminated
A: stationary, stasis, torment immunity, boosted hp
a: no special abilities


You were on level 1 of the Dungeon.
You were a tree.
You visited 1 branch of the dungeon, and saw 1 of its levels.


   Skills:
 - Level 1.0 Fighting
 * Level 3.0 Ranged Weapons
 - Level 3.0 Dodging
 + Level 1.0 Stealth
 * Level 1.1 Spellcasting
 * Level 0.2 Conjurations
 * Level 1.1 Fire Magic


You had one spell level left.
You knew the following spells:

 Your Spells              Type           Power      Damage    Failure   Level
z - Foxfire               Conj/Fire      8%         2x1d4     22%         1

Your spell library contained the following spells:

 Spells                   Type           Power      Damage    Failure   Level
 Ignite Poison            Fire/Tmut/Pois 1%         N/A       61%         3

Inventory:

Hand Weapons
 a - a +0 shortbow (weapon)
Armour
 b - a +0 helmet (melded)
 d - a +0 robe (melded)
Scrolls
 c - a scroll of fear

Dungeon Overview and Level Annotations

Branches:
Dungeon (1/15)

Altars:

#...# .#### ###.# .....
#.# ..... #######.####
#..... #..........###
#.....
#.......##...###.....
##.#...g...####..##.....
...........# ##.##.....
.......♣...# #..#.....
...........# ##.'.....
....######## ###.....
... #....... .. #.######
### # # P .


You could see a gnoll.


Message History

You shoot an arrow. The arrow hits the gnoll.
The gnoll is severely wounded.
The gnoll hits you from afar with a +0 spear.
* * * LOW HITPOINT WARNING * * *
The gnoll barely misses you.
You are too injured to fight recklessly!
Unknown command.
Your magical contamination has completely faded away.
Casting: Foxfire (safe; 22% risk of failure)
Confirm with . or Enter, or press ? or * to list all spells.
You miscast Foxfire.
You are very lightly contaminated with residual magic.
Nothing appears to happen.
The gnoll hits you from afar with a +0 spear.
* * * LOW HITPOINT WARNING * * *
It was a potion of lignification.
You turn into a tree.
Your +0 helmet melds into your body.
Your +0 robe melds into your body.
Your roots penetrate the ground.
The gnoll hits you but does no damage.
Unknown command.
You don't have enough magic to cast this spell.
Unknown command.
Unknown command.
Fire: a) +0 shortbow
Press: ? - help, Q - select action, (/) - cycle Shift-Dir - straight line, f/p - gnoll
Aim: a gnoll, wielding a +0 spear (severely wounded, 61% to hit)
You shoot an arrow.
The arrow hits the gnoll but does no damage.
The gnoll is severely wounded.
The gnoll hits you from afar with a +0 spear.
You die...

Action                     || total
---------------------------++-------
   Fire: Shortbow          ||    21
   Cast: Foxfire           ||     2
    Use: Potion            ||     1
 Armour: Robe              ||     2
         Skin              ||     1
  Dodge: Dodged            ||     9

Levels and vault maps discovered:
D:1:      nicolae_arrival_washed_ashore, layout_basic,
          dreamdust_ecumenical_altar_hidden_monk_grotto

Notes
Turn   | Place    | Note
-------+----------+-------------------------------------------
     0 | D:1      | Jeffwins the Human Wanderer began the quest for the Orb.
     0 | D:1      | Jeffwins set off with the following items: a +0 shortbow, a
                  | +0 helmet, a scroll of fear, a +0 robe; and the following
                  | spell memorised: Foxfire; and the following spells
                  | available to memorise: Ignite Poison.
     0 | D:1      | Reached XP level 1. HP: 15/15 MP: 2/2
   195 | D:1      | Slain by a gnoll

Vanquished Creatures
  A hobgoblin (D:1)
  2 kobolds (D:1)
3 creatures vanquished.

Vanquished Creatures (others)
  4 foxfires (D:1)
4 creatures vanquished.

Grand Total: 7 creatures vanquished

Table legend: (Time is in decaauts)
 A = Elapsed time spent in this place.
 B = Non-inter-level travel time spent in this place.
 C = Inter-level travel time spent in this place.
 D = Time resting spent in this place.
 E = Time spent auto-exploring this place.
 F = Levels seen in this place.
 G = Mean time per level.
                   A        B        C        D        E       F      G
               +--------+--------+--------+--------+--------+-----+--------+
         Total |    202 |    202 |      0 |      0 |    150 |   1 |  202.0 |
       Dungeon |    202 |    202 |      0 |      0 |    150 |   1 |  202.0 |
               +--------+--------+--------+--------+--------+-----+--------+

Top non-repeatable levels by time:
     D:1: 202 daAuts

Table legend:
 A = Non-vault XP
 B = Vault XP
 C = Vault XP percentage of total XP
 D = Non-vault monster count
 E = Vault monster count
 F = Vault count percentage of total count
                 A         B        C        D         E       F
            +---------+---------+-------+---------+---------+-------
      Total |       5 |       0 |   0.0 |       3 |       0 |   0.0
            +---------+---------+-------+---------+---------+-------
        D:1 |       5 |       0 |   0.0 |       3 |       0 |   0.0
            +---------+---------+-------+---------+---------+-------
